 Dungeon Crawl Stone Soup version 0.28.0-43-g3370ac3207 (webtiles) character file.

Game seed: 5749921224099850681

3432 nickcage the Destroyer (level 9, -6/62 HPs)
             Began as a Pale Draconian Conjurer on Mar 3, 2022.
             Was a Follower of Vehumet.
             Succumbed to barbed spike wounds
             ... on level 1 of the Abyss.
             The game lasted 00:44:15 (9957 turns).

nickcage the Destroyer (Pale Draconian Conjurer)    Turns: 9957, Time: 00:44:16

Health: -6/62      AC: 17    Str: 10    XL:     9   Next: 77%
Magic:  19/19      EV: 12    Int: 22    God:    Vehumet [*.....]
Gold:   360        SH:  0    Dex: 10    Spells: 9/22 levels left

rFire   . . .      SeeInvis .   u - +1 dagger (speed)
rCold   . . .      Faith    .   (no shield)
rNeg    . . .      Spirit   .   (armour unavailable)
rPois   +          Reflect  .   (helmet restricted)
rElec   .          Harm     .   f - +2 cloak {rPois}
rCorr   .          Rampage  .   (no gloves)
Will    .....                   e - +2 pair of boots {Stlth+}
Stlth   +++.......              (no amulet)
HPRegen 0.20/turn               h - +4 ring of protection
MPRegen 0.16/turn               (no ring)

@: spiked
A: breathe steam, AC +7, unfitting armour, cold-blooded, steam resistance
a: Breathe Steam, Renounce Religion


You were on level 1 of the Abyss.
You worshipped Vehumet.
Vehumet was aware of your devotion.
You visited 2 branches of the dungeon, and saw 9 of its levels.
You visited the Abyss 1 time.

You collected 360 gold pieces.

Inventory:

Hand Weapons
 a - a +1 whip of electrocution
 b - a +0 dagger
 u - a +1 dagger of speed (weapon)
Missiles
 g - 15 poisoned darts
Armour
 d - a scarf of resistance
 e - a +2 pair of boots of stealth (worn)
 f - a +2 cloak of poison resistance (worn)
Jewellery
 h - a +4 ring of protection (left hand)
 p - a ring of see invisible
Wands
 l - a wand of charming (9)
 n - a wand of mindburst (18)
Scrolls
 m - a scroll of teleportation
 s - a scroll of fear {unknown}
 v - a scroll of summoning
 w - a scroll of silence {unknown}
Potions
 c - 3 potions of curing {unknown}
 i - a potion of lignification
 j - 4 potions of haste {unknown}
 k - a potion of heal wounds
 o - a potion of might {unknown}
 q - a potion of magic
 r - 4 potions of flight {unknown}
 t - a potion of mutation {unknown}


   Skills:
 - Level 1.8 Dodging
 - Level 1.8 Stealth
 + Level 7.1 Spellcasting
 + Level 11.1 Conjurations
 - Level 2.0 Hexes
 * Level 5.3 Fire Magic


You had 9 spell levels left.
You knew the following spells:

 Your Spells              Type           Power      Damage    Failure   Level
a - Magic Dart            Conj           100%       1d8       1%          1
b - Searing Ray           Conj           100%       2d8       1%          2
c - Fulminant Prism       Conj/Hex       18%        3d11      5%          4
d - Starburst             Conj/Fire      22%        6d7       38%         6

Your spell library contained the following spells:

 Spells                   Type           Power      Damage    Failure   Level
 Freeze                   Ice            28%        1d5       9%          1
 Dazzling Flash           Conj/Hex       72%        N/A       1%          3
 Animate Skeleton         Necr           14%        N/A       9%          1
 Apportation              Tloc           14%        N/A       9%          1
 Summon Small Mammal      Summ           28%        N/A       9%          1
 Iskenderun's Mystic Bla  Conj/Tloc      32%        2d8       9%          4


Dungeon Overview and Level Annotations

Branches:
Dungeon (8/15)             Temple (1/1) D:4            Lair (0/6) D:8

Altars:
Elyvilon
Okawaru
Ru
Sif Muna
Vehumet
Yredelemnul
Zin
The Shining One


Innate Abilities, Weirdness & Mutations

You can breathe blasts of scalding, opaque steam.
Your pale cyan-grey scales are hard. (AC +7)
You cannot fit into any form of body armour.
You are cold-blooded and may be slowed by cold attacks.
You are immune to the effects of steam.


Message History

2 starspawn tentacles come into view.
The ynoxinul bellows!
The starspawn tentacle grabs you.
The starspawn tentacle constricts you. 2 starspawn tentacle segments come into view.
You escape the starspawn tentacle's grasp.
A wight comes into view. It is wielding a +0 war axe.
A tentacle flies out from the starspawn's body!
A starspawn tentacle comes into view.
The sky beast flickers out of sight!
Deactivating autopickup; reactivate with Ctrl-A.
A sky beast appears from thin air!
Reactivating autopickup.
A ynoxinul comes into view.
The iron imp shouts!
A white imp comes into view.
A tentacled starspawn comes into view.
An efreet comes into view.
It is wielding a +1 scimitar of flaming.
Found a gateway leading deeper into the Abyss.
The efreet misses you.
There is a gateway leading deeper into the Abyss here.
The efreet gestures at you.
The fireball explodes!
The fireball engulfs you!
The fireball engulfs the efreet.
The efreet completely resists.
Something shouts, "Return whence thou came, thou simpering milk-livered pignut!"
You hear a shout!
You hear a bark! x2
The efreet gestures at you. The bolt of fire hits you!!
The efreet gestures at you.
The fireball explodes!
The fireball engulfs you!
* * * LOW HITPOINT WARNING * * *
You hear a bark!
A hell hound comes into view.
The efreet gestures at you. The bolt of fire misses you.
The red devil hits you from afar with a +0 trident!
* * * LOW HITPOINT WARNING * * *
Barbed spikes become lodged in your body.
The barbs in your skin will harm you if you move.
Continue?
The barbed spikes dig painfully into your body as you move.
You die...

.......°........#
.......○........##
.......R..........
....#.....#.#. ...
...###...#### ..≈#
....#..4..#.# . #
............#
...........#
........@..#
...#.....#.....≈
..###...####.##.
.. #..... ..h
...... ..≈ .......
.#≈ .......
..#....


You could see an efreet, a red devil and a hell hound (wandering).

Vanquished Creatures
  Joseph (D:8)
  Sigmund (D:6)
  4 yaks
  A sky beast (D:5)
  2 necrophages
  An ogre (D:5)
  4 centaurs (D:6)
  A scorpion (D:4)
  A water moccasin zombie (D:7)
  11 killer bees
  4 wights
  A howler monkey (D:5)
  2 bullfrog zombies
  3 hounds
  2 jellies (D:6)
  A centaur skeleton (D:7)
  A gnoll shaman (D:7)
  2 orc priests (D:6)
  Jessica (D:2)
  Crazy Yiuf (D:3)
  7 orc wizards
  4 iguanas
  A hound skeleton (D:4)
  A howler monkey zombie (D:7)
  4 adders
  12 gnolls
  2 worms
  2 dart slugs
  12 orcs
  3 ball pythons
  8 bats
  8 endoplasms
  2 giant cockroaches
  5 hobgoblins
  2 jackals (D:2)
  2 kobolds (D:1)
  3 quokkas
  7 frilled lizards
  6 goblins
  7 rats
143 creatures vanquished.

Vanquished Creatures (others)
  A hound (D:5)
  A centaur skeleton (D:5)
  13 fulminant prisms
  A plant (D:8)
  12 starspawn tentacles (Abyss:1)
28 creatures vanquished.

Grand Total: 171 creatures vanquished

Notes
Turn   | Place    | Note
-------+----------+-------------------------------------------
     0 | D:1      | nickcage the Draconian Conjurer began the quest for the
                  | Orb.
     0 | D:1      | Reached XP level 1. HP: 14/14 MP: 3/3
   166 | D:1      | Reached XP level 2. HP: 20/20 MP: 1/5
   710 | D:1      | Found a faded altar of an unknown god.
   716 | D:1      | Got Plato's Disquisition on the Entourage
  1228 | D:2      | Reached XP level 3. HP: 26/26 MP: 2/6
  1231 | D:2      | Learned a level 2 spell: Searing Ray
  1279 | D:2      | Reached skill level 5 in Conjurations
  1988 | D:2      | Noticed Jessica
  1990 | D:2      | Killed Jessica
  1991 | D:2      | Reached XP level 4. HP: 33/33 MP: 3/7
  2078 | D:2      | Learned a level 4 spell: Fulminant Prism
  2659 | D:3      | Found a sacrificial altar of Ru.
  2826 | D:3      | Reached skill level 6 in Conjurations
  2826 | D:3      | Reached XP level 5. HP: 38/38 MP: 3/8
  3068 | D:3      | Reached skill level 1 in Hexes
  3455 | D:3      | Found a runed translucent door.
  3455 | D:3      | Noticed Crazy Yiuf
  3810 | D:3      | Killed Crazy Yiuf
  3954 | D:4      | Noticed a necrophage
  4164 | D:4      | Reached XP level 6. HP: 36/45 MP: 6/11
  4568 | D:4      | Found a staircase to the Ecumenical Temple.
  4683 | Temple   | Entered the Ecumenical Temple
  4809 | Temple   | Became a worshipper of Vehumet
  5101 | D:5      | Entered Level 5 of the Dungeon
  5101 | D:5      | Noticed a sky beast
  5106 | D:5      | Your scales start taking on a pale cyan-grey colour.
  5106 | D:5      | Reached XP level 7. HP: 50/50 MP: 5/13
  5106 | D:5      | Gained mutation: You are immune to the effects of steam.
                  | [Pale Draconian growth]
  5139 | D:5      | Reached skill level 7 in Conjurations
  5442 | D:5      | Reached skill level 5 in Spellcasting
  6434 | D:6      | Reached XP level 8. HP: 15/57 MP: 3/16
  6867 | D:6      | Reached skill level 8 in Conjurations
  6941 | D:6      | Learned a level 6 spell: Starburst
  7108 | D:6      | Reached skill level 1 in Fire Magic
  7260 | D:6      | Noticed Sigmund
  7267 | D:6      | Killed Sigmund
  7681 | D:6      | Found a glowing silver altar of Zin.
  8285 | D:7      | Reached skill level 9 in Conjurations
  8290 | D:6      | Reached XP level 9. HP: 62/62 MP: 11/19
  8531 | D:7      | Reached * piety under Vehumet
  8531 | D:7      | Offered knowledge of Freeze by Vehumet.
  9430 | D:8      | Reached skill level 10 in Conjurations
  9586 | D:8      | Found a staircase to the Lair.
  9590 | D:8      | Noticed Joseph
  9619 | D:8      | Killed Joseph
  9620 | D:8      | Reached skill level 11 in Conjurations
  9620 | D:8      | Reached skill level 5 in Fire Magic
  9858 | D:8      | Cast into level 1 of the Abyss (orc warrior)
  9864 | Abyss:1  | Noticed a tentacled starspawn
  9884 | Abyss:1  | Found a corrupted altar of Lugonu.
  9907 | Abyss:1  | Noticed an orange demon
  9938 | Abyss:1  | Noticed a tentacled starspawn
  9940 | Abyss:1  | Noticed an efreet
  9951 | Abyss:1  | Noticed a thrashing horror
  9951 | Abyss:1  | Noticed a red devil
  9956 | Abyss:1  | HP: 1/62 [red devil/+0 trident (12)]
  9957 | Abyss:1  | Succumbed to barbed spike wounds

Illustrated notes

Levels and vault maps discovered:
D:1:      saegor_arrival_simple_b, layout_loops_cross,
          shapermc_ecumenical_altar_rom_forum, minmay_misc_feat_diagonals,
          kennysheep_pointless_box, roderic_roman_lattice,
          minmay_misc_feat_square, minmay_tetromino_l2
D:2:      layout_basic, uniq_jessica
D:3:      layout_loops_corners, nicolae_ru_great_annihilating_truth,
          serial_park_tiny_2, kennysheep_generic_room_2, uniq_crazy_yiuf_cottage
D:4:      layout_basic, minmay_temple_entry_glass
D:5:      layout_gridville, lemuel_flamethrower_2
D:6:      nicolae_whirlpool, layout_basic, mainiacjoe_overflow_small_starburst,
          uniq_sigmund
D:7:      statuecave_lemuel, layout_basic, nicolae_sextant
D:8:      layout_basic, dpeg_oklobed_lair, grunt_decor_cap, uniq_joseph
Temple:   mainiacjoe_temple_big_plus
Abyss:1:  base: Temple, hangedman_abyss_or_decor_passed

Skill      XL: |  1  2  3  4  5  6  7  8  9 |
---------------+----------------------------+-----
Conjurations   | 5 6 7 9 11 | 11.1
Hexes          | 1 2 |  2.0
Spellcasting   | 3 4 5 7 |  7.1
Fire Magic     | 3 5 |  5.3
Dodging        | |  1.8
Stealth        | |  1.8

Action                   |  1- 3 |  4- 6 |  7- 9 || total
-------------------------+-------+-------+-------++-------
Melee: Dagger            |    25 |    10 |     3 ||    38
       Tailslap          |     3 |     2 |     1 ||     6
       Punch             |       |     1 |       ||     1
 Cast: Magic Dart        |    65 |    45 |    69 ||   179
       Searing Ray       |     2 |    14 |    56 ||    72
       Fulminant Prism   |       |     1 |    12 ||    13
 Abil: Breathe Steam     |       |       |     3 ||     3
  Use: Scroll            |       |     3 |     7 ||    10
 Stab: Sleeping          |     1 |       |       ||     1
Armor: Skin              |     8 |    17 |    74 ||    99
Dodge: Dodged            |    14 |    20 |    72 ||   106
